 Dungeon Crawl Stone Soup version 0.30-a0-385-gfebfb9b408 (webtiles) character file.

Game seed: 16407538317673201587

58 sanka the Digger (level 3, -2/14 HPs)
             Began as a Felid Earth Elementalist on Dec 2, 2022.
             Slain by an orc priest
             ... wielding a +0 flail
              (9 damage)
             ... on level 3 of the Dungeon.
             The game lasted 00:03:21 (2227 turns).

sanka the Digger (Felid Earth Elementalist)         Turns: 2227, Time: 00:03:22

Health: -2/14      AC:  1    Str:  4    XL:     3   Next: 76%
Magic:  1/7        EV: 17    Int: 18    God:
Gold:   24         SH:  0    Dex: 16    Spells: 0/6 levels left
                                        Lives:  0   Deaths: 0

rFire   . . .      SeeInvis +    (weapon unavailable)
rCold   . . .      Faith    .    (shield unavailable)
rNeg    . . .      Spirit   .    (body armour unavailable)
rPois   .          Reflect  .    (helmet unavailable)
rElec   .          Harm     .    (cloak unavailable)
rCorr   .          Rampage  .    (gloves unavailable)
Will    .....                    (boots unavailable)
Stlth   ++........               (no amulet)
HPRegen 0.22/turn                (no ring)
MPRegen 0.10/turn                (no ring)

@: quick
A: very small, claws 1, fangs 3, see invisible, speed 1, shaggy fur 1, stealthy
paws, no weapons or thrown items, no armour, multi-lived
a: no special abilities


You were on level 3 of the Dungeon.
You visited 1 branch of the dungeon, and saw 3 of its levels.

You collected 114 gold pieces.
You spent 90 gold pieces at shops.


Innate Abilities, Weirdness & Mutations

You have sharp claws.
You have razor-sharp teeth.
You have supernaturally acute eyesight. (SInv)
You cover ground quickly. (Speed+)
You are covered in fur. (AC +1)
Your paws help you pounce on unaware monsters.
You are incapable of wielding weapons or throwing items.
You cannot wear armour.
You gain extra lives every three experience levels.


   Skills:
 - Level 2.6 Dodging
 - Level 2.6 Stealth
 + Level 2.1 Spellcasting
 + Level 0.3 Conjurations
 + Level 2.8 Transmutations
 + Level 3.5 Earth Magic


You couldn't memorise any spells.
You knew the following spells:

 Your Spells              Type           Power      Damage    Failure   Level
x - Stone Arrow           Conj/Erth      16%        3d8       24%         3
z - Sandblast             Erth           28%        2d8       4%          1
N - Passwall              Tmut/Erth      10%        N/A       8%          2

Your spell library contained the following spells:

 Spells                   Type           Power      Damage    Failure   Level
 Petrify                  Tmut/Erth      13%        N/A       43%         4

Inventory:

Scrolls
 b - a scroll of vulnerability {!r}
 c - a scroll of noise {!r}
 f - a scroll of butterflies {unknown}
 i - 4 scrolls of identify {@r1}
 j - 2 scrolls of teleportation {@r4}
 l - a scroll of amnesia {unknown}
 p - a scroll of magic mapping {unknown}
Potions
 a - a potion of magic
 d - a potion of flight {unknown}
 e - 2 potions of curing {unknown}
 g - a potion of berserk rage {unknown}
 h - 2 potions of resistance {unknown}
 k - a potion of brilliance {unknown}
 m - a potion of lignification {unknown}
 n - 2 potions of heal wounds {@q2}
 o - a potion of mutation {unknown}

Dungeon Overview and Level Annotations

Branches:
Dungeon (3/15)

Altars:

Shops:
D:1

*( ▒▒.....)...▒†▒▒
▒.▒.......▒.▒
▒....▒▒▒▒▒▒.▒
▒....▒ . ▒▒...▒▒ .
.▒ ▒.....▒ .o
▒▒.▒.▒.▒ o▒
▒▒.▒.)▒.▒ .▒
▒.▒▒▒h▒.▒ .▒
▒▒.▒o▒▒.▒ .▒
▒▒.▒▒▒.▒
▒▒▒▒▒▒▒▒▒.▒
▒....(▒▒▒.....>o..▒
▒.▒▒..o....▒▒▒▒▒▒▒▒
▒.▒▒.▒▒▒▒..▒
▒.▒▒.▒▒▒▒..▒
▒..........▒
▒▒▒▒.▒▒▒▒▒.▒


You could see an orc priest.


Message History

You start waiting.
An orc is nearby!
You start waiting.
An orc is nearby!
The blast of sand misses the orc.
The blast of sand hits the orc!
You kill the orc!
You start resting.
An orc priest is nearby!
The blast of sand hits the orc priest.
The orc priest is moderately wounded.
The orc priest shouts!
The orc priest misses you.
The blast of sand hits the orc priest.
The orc priest is heavily wounded.
The orc priest hits you with a +0 flail.
The blast of sand hits the orc priest.
The orc priest is heavily wounded.
The orc priest barely misses you. The orc priest barely misses you.
The blast of sand hits the orc priest.
The orc priest is severely wounded.
The orc priest hits you with a +0 flail.
* * * LOW HITPOINT WARNING * * *
The blast of sand hits the orc priest but does no damage.
The orc priest is severely wounded.
The orc priest completely misses you.
The orc priest hits you with a +0 flail!
Ouch! That really hurt!
You die...

Action                   || total
-------------------------++-------
Melee: Unarmed           ||    10
       Bite              ||     1
 Cast: Sandblast         ||    71
  Use: Scroll            ||     3
Armor: Skin              ||     1
Dodge: Dodged            ||    24

Levels and vault maps discovered:
D:1:      dpeg_arrival_leaves_temple_mockup, layout_basic, serial_shops,
          nicolae_diamond_shop, nicolae_shop_bloodbath_and_beyond
D:2:      layout_loops_corners, dk_noncrumbling_4, minmay_misc_feat_plants
D:3:      layout_loops_cross, hellmonk_ecumenical_altar_arch_garden

Notes
Turn   | Place    | Note
-------+----------+-------------------------------------------
     0 | D:1      | sanka the Felid Earth Elementalist began the quest for the
                  | Orb.
     0 | D:1      | Reached XP level 1. HP: 7/7 MP: 4/4
   204 | D:1      | Reached skill level 3 in Earth Magic
   204 | D:1      | Reached XP level 2. HP: 11/11 MP: 1/6
   319 | D:1      | Reached skill level 2 in Transmutations
   339 | D:1      | Learned a level 2 spell: Passwall
   502 | D:1      | Found Ifole's Weapon Boutique.
   526 | D:1      | Found Beofimni's General Store.
   533 | D:1      | Bought a scroll of identify for 20 gold pieces
   712 | D:1      | Reached XP level 3. HP: 14/14 MP: 5/7
  1512 | D:2      | Identified the +6 sling of Uskayaw's Displeasure {elec,
                  | rElec Int+7 Stlth-}
  1734 | D:2      | Learned a level 3 spell: Stone Arrow
  1842 | D:3      | Identified the +1 robe "Oggoeph" {Dex+4}
  2012 | D:1      | Bought a potion of heal wounds for 50 gold pieces
  2012 | D:1      | Bought a scroll of identify for 20 gold pieces
  2227 | D:3      | Slain by an orc priest

Vanquished Creatures
  A dart slug (D:1)
  2 worms (D:3)
  An orc (D:3)
  6 ball pythons
  2 endoplasms (D:1)
  3 goblins
  8 hobgoblins
  4 jackals (D:1)
  A quokka (D:1)
  4 bats
  3 frilled lizards
  6 kobolds
  4 rats (D:1)
45 creatures vanquished.
